 Dungeon Crawl Stone Soup version 0.17-a0-2231-gd80ca38 (webtiles) character file.

55707 kae the Severer (level 14, -2/132 HPs)
             Began as a Hill Orc Fighter on Oct 29, 2015.
             Was a High Priest of Qazlal.
             Shot themself with a blast of magma (40 damage)
             ... on level 7 of the Lair of Beasts.
             The game lasted 00:30:25 (21526 turns).

kae the Severer (Hill Orc Fighter)                 Turns: 21526, Time: 00:30:25

Health: -2/132     AC: 16    Str: 24    XL:     14   Next: 78%
Magic:  4/8        EV:  8    Int:  8    God:    Qazlal [*****.]
Gold:   1398       SH: 17    Dex: 17    Spells: 0 memorised, 13 levels left

rFire  x . .     SeeInvis .     M - +12 hand axe "Kuirumoi" {antimagic, *Corrode MR+ Dex+3}
rCold  + + .     Clarity  +     d - +0 ice dragon armour
rNeg   . . .     SustAt   .     c - +0 shield
rPois  .         Gourm    .     s - +2 hat
rElec  .         Spirit   .     (no cloak)
rCorr  .         Warding  .     n - +0 pair of gloves
rMut   .         Stasis   .     (no boots)
MR     ++...                    v - amulet of clarity
Stlth  ..........               l - +4 ring of strength
                                J - ring of invisibility

@: protected from physical damage, corroded equipment, repel missiles, very
resistant to hostile enchantments, extremely unstealthy
A: no striking features
a: Upheaval, Elemental Force, Disaster Area, Renounce Religion, Evoke
Invisibility


You were on level 7 of the Lair of Beasts.
You worshipped Qazlal.
Qazlal was extremely pleased with you.
You were very hungry.

You visited 3 branches of the dungeon, and saw 20 of its levels.

You collected 1458 gold pieces.
You spent 60 gold pieces at shops.

Inventory:

Hand Weapons
 a - a +1 war axe
 M - the +12 hand axe "Kuirumoi" (weapon) {antimagic, *Corrode MR+ Dex+3}
   (You found it on level 10 of the Dungeon)

   It disrupts the flow of magical energy around spellcasters and certain
   magical creatures (including the wielder).
   It affects your dexterity (+3).
   It affects your resistance to hostile enchantments.
   It may corrode your equipment when you take damage.
Missiles
 p - 2 throwing nets (quivered)
Armour
 c - a +0 shield (worn)
 d - a +0 ice dragon armour (worn)
 n - a +0 pair of gloves (worn)
 s - a +2 hat (worn)
Jewellery
 l - a +4 ring of strength (right hand)
 t - an uncursed ring of protection from cold
 v - an amulet of clarity (around neck)
 y - an uncursed amulet of rage
 E - an uncursed ring of wizardry
 F - an uncursed amulet of faith
 I - an uncursed amulet of resist mutation
 J - a ring of invisibility (left hand)
 Q - an uncursed ring of positive energy {unknown}
 Y - the ring "Arumuptaz" {+Inv rN+ MP+9, unknown}
   (You found it on level 6 of the Lair of Beasts)

   [ring of magical power]

   It protects you from negative energy.
   It affects your magic capacity (+9).
   It lets you turn invisible.
Wands
 w - a wand of random effects (25)
 G - a wand of frost (30)
 O - a wand of slowing (40)
 P - a wand of polymorph (9)
 S - a wand of magic darts (27)
 V - a wand of disintegration (14)
 X - a wand of fireball (9)
Scrolls
 u - 11 scrolls of remove curse
 A - 5 scrolls of enchant weapon
 B - a scroll of teleportation
 H - 4 scrolls of magic mapping
 K - 6 scrolls of identify
 L - 2 scrolls of fear
Potions
 b - 4 potions of might
 g - 3 potions of curing
 h - a potion of haste {unknown}
 i - a potion of heal wounds
 j - 3 potions of cancellation
 o - 2 potions of flight
 D - a potion of experience {unknown}
 N - a potion of brilliance
 T - a potion of invisibility
 U - 3 potions of lignification
Books
 q - a book of Changes

   Spells                             Type                      Level
   a - Beastly Appendage              Transmutation                1
   b - Sticks to Snakes               Transmutation                2
   c - Spider Form                    Transmutation/Poison         3
   d - Ice Form                       Ice/Transmutation            4
   e - Blade Hands                    Transmutation                5
 z - a book of Annihilations

   Spells                             Type                      Level
   a - Poison Arrow                   Conjuration/Poison           6
   b - Chain Lightning                Conjuration/Air              8
   c - Lehudib's Crystal Spear        Conjuration/Earth            8
   d - Glaciate                       Conjuration/Ice              9
   e - Fire Storm                     Conjuration/Fire             9
 W - a book of Debilitation

   Spells                             Type                      Level
   a - Corona                         Hexes                        1
   b - Slow                           Hexes                        2
   c - Gell's Gravitas                Hexes/Translocation          3
   d - Inner Flame                    Hexes/Fire                   3
   e - Cause Fear                     Hexes                        4
   f - Leda's Liquefaction            Hexes/Earth                  4
Comestibles
 e - 12 bread rations
 f - 7 meat rations
 m - 13 fruits
 r - 8 beef jerkies
 x - 9 slices of pizza
 C - 12 royal jellies


   Skills:
 - Level 14.2 Fighting
 - Level 16.3 Axes
 - Level 11.2 Armour
 + Level 1.8 Dodging
 - Level 3.2 Shields
 - Level 14.0 Invocations
 - Level 11.0 Evocations


You had 13 spell levels left.
You didn't know any spells.

Dungeon Overview and Level Annotations

Branches:
Dungeon (11/15)            Temple (1/1) D:4            Lair (8/8) D:10
 Shoals (0/4) Lair:5       Spider (0/4) Lair:3          Orc (0/4) D:11
  Slime: Lair:6-8

Altars:
Ashenzari
Cheibriados
Dithmenos
Elyvilon
Fedhas
Gozag
Kikubaaqudgha
Makhleb
Nemelex Xobeh
Okawaru
Qazlal
Ru
Sif Muna
Trog
Vehumet
Xom
Yredelemnul
Zin
The Shining One

Shops:
D:11 (?}%[


Message History

The nine-headed hydra closely misses you.
The nine-headed hydra bites you!
* * * LOW HITPOINT WARNING * * *
Unknown command.
Unknown command.
The nine-headed hydra is engulfed in roaring flames.
The fungus is engulfed in freezing vapours.
The fungus is engulfed in freezing vapours.
The fungus is engulfed in freezing vapours.
Aiming: Upheaval
Press: ? - help, Dir - move target cursor, f/p - nine-headed hydra
Aim: a nine-headed hydra (severely wounded) That beam is likely to hit you.
Continue anyway?
Magma suddenly erupts from the ground!
The blast of magma engulfs the nine-headed hydra.
You kill the nine-headed hydra!
Qazlal accepts your kill.
You hear a sizzling sound!
The blast of magma engulfs you! The lava burns you terribly!
You die...

#..................P.
##..#..........#.#P..
#P..#..........####P.
#..##.).#.P....###..P
##>#.#.#.P....##.#.P.
#.....#.P............
#≈.≈###P..P#....#.#.#
#P.#####P.P..........
##.P@§.#....#...#.P.#
##≈≈≈.PP...<.........
#..†.PPP.............
#.#..PPPP....P#PP#..#
##..P.PP.#......PP.#.
##.P.PP......#......§
#....##......#.......
#########.#.##.....#........
##....#..#...##.....##.#...#.


There were no monsters in sight!

Vanquished Creatures
  Gastronok (D:10)
  The ghost of Ishouldbestudying the Severer, a journeyman FoFi of Cheibriados (Lair:7)
  Erolcha (D:8)
  3 hydras
  A catoblepas (Lair:6)
  Erica (D:8)
  10 death yaks
  A centaur warrior (D:9)
  An unseen horror (D:11)
  The ghost of Uberwunderbarhen the Ducker, a novice OpFi of Makhleb (D:8)
  2 hill giants (D:11)
  Pikel (D:7)
  A griffon (Lair:7)
  An orb spider (Lair:3)
  A lindwurm (Lair:6)
  9 elephants
  The ghost of Uberwunderbarhen the Ducker, a novice OpFi of Makhleb (D:6)
  A manticore (D:10)
  The ghost of Raultor the Cudgeler, a novice GrFi (D:4)
  4 black mambas
  Psyche (D:11)
  10 spiny frogs
  A fire drake (Lair:7)
  7 komodo dragons
  4 trolls
  A queen bee (D:9)
  A polar bear (Lair:6)
  20 blink frogs
  3 slime creatures (D:9)
  A deep elf mage (D:8)
  Sigmund (D:5)
  37 yaks
  A hog (D:7)
  3 wyverns
  A human (D:7)
  4 basilisks
  4 hippogriffs
  3 hungry ghosts
  3 vampire mosquitoes (D:9)
  Menkaure (D:4)
  5 wolves
  Edmund (D:4)
  13 water moccasins
  6 porcupines
  4 slaves (D:7)
  5 orc warriors
  5 ice beasts
  A wasp (D:9)
  A necrophage (D:11)
  2 phantoms
  5 ogres
  3 sky beasts
  The ghost of asdu the Ducker, an amateur HuAr of Okawaru (D:5)
  11 crocodiles
  4 centaurs
  The ghost of Raultor the Skirmisher, an amateur GrFi (D:3)
  2 big kobolds
  28 giant frogs
  A wyvern zombie (D:8)
  4 jellies
  6 scorpions
  19 wights
  5 electric eels
  31 killer bees
  4 crimson imps
  2 centaur zombies
  A quasit (D:9)
  9 orc priests
  3 giant frog zombies
  9 hounds
  13 orc wizards
  A giant frog skeleton (D:7)
  2 iguanas
  A centaur skeleton (D:8)
  9 worker ants
  8 sheep
  A hound skeleton (D:10)
  A mummy (D:5)
  A worker ant zombie (D:8)
  3 gnolls (D:2)
  12 adders
  46 river rats
  2 shadow imps
  An ooze (D:2)
  4 adder skeletons
  A worm (D:3)
  6 giant geckos
  36 orcs
  2 ball pythons
  12 bats
  8 giant cockroaches
  7 goblins
  13 hobgoblins
  13 jackals
  3 quokkas
  A giant gecko skeleton (D:6)
  8 giant newts
  11 kobolds
  6 rats
  47 fungi
  24 plants
645 creatures vanquished.

Vanquished Creatures (collateral kills)
  3 elephants
3 creatures vanquished.

Vanquished Creatures (others)
  2 killer bees (D:9)
  12 fungi
  7 plants
21 creatures vanquished.

Grand Total: 669 creatures vanquished

Notes
Turn   | Place    | Note
--------------------------------------------------------------
     0 | D:1      | kae the Hill Orc Fighter began the quest for the Orb.
     0 | D:1      | Reached XP level 1. HP: 19/19 MP: 1/1
    64 | D:1      | Reached XP level 2. HP: 24/26 MP: 2/2
   462 | D:1      | Reached skill level 4 in Axes
   972 | D:2      | Reached XP level 3. HP: 27/31 MP: 3/3
  1356 | D:2      | Reached skill level 5 in Axes
  1446 | D:2      | Reached XP level 4. HP: 36/39 MP: 4/4
  1627 | D:2      | Reached skill level 6 in Axes
  1977 | D:3      | Noticed Raultor's ghost (amateur GrFi)
  2259 | D:2      | Found a white marble altar of Elyvilon.
  2280 | D:3      | Killed Raultor's ghost
  2280 | D:3      | Reached skill level 7 in Axes
  2280 | D:3      | Reached XP level 5. HP: 27/45 MP: 5/5
  2648 | D:3      | Reached skill level 8 in Axes
  2648 | D:3      | Reached XP level 6. HP: 13/51 MP: 6/6
  3093 | D:3      | Noticed a phantom
  3113 | D:3      | Killed a phantom
  3113 | D:3      | Reached skill level 9 in Axes
  3462 | D:4      | Reached XP level 7. HP: 51/57 MP: 7/7
  3544 | D:4      | Noticed Edmund
  3556 | D:4      | Killed Edmund
  3556 | D:4      | Reached skill level 10 in Axes
  3626 | D:4      | Noticed Raultor's ghost (novice GrFi)
  3889 | D:4      | Reached skill level 11 in Axes
  4124 | D:4      | Noticed Menkaure
  4137 | D:4      | Killed Menkaure
  4137 | D:4      | Reached XP level 8. HP: 59/64 MP: 8/8
  4164 | D:4      | Found a staircase to the Ecumenical Temple.
  4181 | Temple   | Entered the Ecumenical Temple
  4549 | D:4      | Killed Raultor's ghost
  4549 | D:4      | Reached skill level 12 in Axes
  4665 | D:5      | Entered Level 5 of the Dungeon
  4692 | D:5      | Noticed asdu's ghost (amateur HuAr)
  4703 | D:5      | Killed asdu's ghost
  4703 | D:5      | Reached skill level 13 in Axes
  5333 | D:5      | Noticed Sigmund
  5344 | D:5      | Killed Sigmund
  5344 | D:5      | Reached skill level 14 in Axes
  5344 | D:5      | Reached XP level 9. HP: 70/70 MP: 9/9
  5394 | D:5      | Found a stormy altar of Qazlal.
  5521 | D:5      | Became a worshipper of Qazlal Stormbringer
  5812 | D:5      | Found a snail-covered altar of Cheibriados.
  5971 | D:6      | Found an opulent altar of Gozag.
  6033 | D:6      | Reached skill level 15 in Axes
  6171 | D:6      | Found a blossoming altar of Fedhas.
  6507 | D:6      | Noticed Uberwunderbarhen's ghost (novice OpFi)
  6518 | D:6      | Killed Uberwunderbarhen's ghost
  6604 | D:7      | Reached skill level 16 in Axes
  6648 | D:7      | Reached * piety under Qazlal
  6731 | D:7      | Found a sparkling altar of Nemelex Xobeh.
  6933 | D:7      | Noticed Pikel
  6946 | D:7      | Reached skill level 5 in Fighting
  6946 | D:7      | Reached XP level 10. HP: 44/81 MP: 10/10
  7143 | D:7      | Found a deep blue altar of Sif Muna.
  7195 | D:7      | Killed Pikel
  7555 | D:7      | Reached ** piety under Qazlal
  7909 | D:7      | Found a basalt altar of Yredelemnul.
  8000 | D:7      | Found a shadowy altar of Dithmenos.
  8109 | D:8      | Noticed Erolcha
  8145 | D:8      | Killed Erolcha
  8145 | D:8      | Reached skill level 10 in Fighting
  8410 | D:8      | Noticed Erica
  8432 | D:8      | Killed Erica
  8432 | D:8      | Reached XP level 11. HP: 31/104 MP: 11/11
  8729 | D:8      | Found a snail-covered altar of Cheibriados.
  8906 | D:8      | Noticed Uberwunderbarhen's ghost (novice OpFi)
  8914 | D:8      | Killed Uberwunderbarhen's ghost
  9155 | D:9      | Found a white marble altar of Elyvilon.
 10346 | D:9      | Paralysed by a wasp for 3 turns
 10575 | D:9      | Found an iron altar of Okawaru.
 10783 | D:9      | Noticed a centaur warrior
 10785 | D:9      | Reached skill level 1 in Invocations
 10805 | D:9      | Killed a centaur warrior
 10812 | D:9      | Reached skill level 5 in Invocations
 11539 | D:9      | Found a burning altar of Makhleb.
 11619 | D:10     | Entered Level 10 of the Dungeon
 11716 | D:10     | Reached XP level 12. HP: 108/117 MP: 17/17
 11739 | D:10     | Reached *** piety under Qazlal
 11990 | D:10     | Noticed Gastronok
 12056 | D:10     | Found a staircase to the Lair.
 12112 | D:10     | Reached skill level 10 in Invocations
 12241 | D:10     | Got an ancient hand axe
 12242 | D:10     | Identified the +12 hand axe "Kuirumoi" {antimagic, *Corrode MR+ Dex+3} (You found it on level 10 of the Dungeon)
 12520 | D:10     | Reached **** piety under Qazlal
 12556 | D:10     | Killed Gastronok
 12862 | D:11     | Found a staircase to the Orcish Mines.
 12878 | D:11     | Found Yfougruw's Food Shop.
 12880 | D:11     | Noticed Psyche
 12948 | D:11     | Found Jophuq's Armour Boutique.
 13011 | D:11     | Killed Psyche
 13241 | D:11     | Found Fokko's Gadget Boutique.
 13643 | D:11     | Found Waix's Magic Scroll Shoppe.
 13683 | D:11     | Bought a scroll of identify for 30 gold pieces
 13683 | D:11     | Bought a scroll of identify for 30 gold pieces
 13703 | D:11     | Found Paikhlu's Antique Weapon Shoppe.
 13870 | D:11     | Reached skill level 5 in Armour
 13922 | Lair:1   | Entered Level 1 of the Lair of Beasts
 13930 | Lair:1   | Reached XP level 13. HP: 120/124 MP: 7/23
 14008 | Lair:1   | Reached ***** piety under Qazlal
 15849 | Lair:3   | Found a hole to the Spider Nest.
 16322 | Lair:3   | Reached skill level 10 in Armour
 17263 | Lair:4   | Found a radiant altar of Vehumet.
 17656 | Lair:5   | Reached skill level 1 in Evocations
 17898 | Lair:5   | Reached skill level 5 in Evocations
 17915 | Lair:5   | Reached XP level 14. HP: 17/132 MP: 6/24
 18575 | Lair:5   | Found a staircase to the Shoals.
 19328 | Lair:6   | Got a faintly glowing lapis lazuli ring
 19795 | Lair:7   | Noticed Ishouldbestudying's ghost (journeyman FoFi)
 20270 | Lair:7   | Reached skill level 10 in Evocations
 20371 | Lair:7   | Killed Ishouldbestudying's ghost
 21505 | Lair:8   | Entered Level 8 of the Lair of Beasts
 21515 | Lair:8   | Reached skill level 1 in Dodging
 21526 | Lair:7   | Shot themself with a blast of magma

Vault maps used:
D:1:      roderic_octagonal_star
D:2:      lemuel_upstairs_altar
D:3:      kennysheep_six_static_rooms, minmay_strange_pillars
D:4:      minmay_temple_entry_junction, first_bread, uniq_edmund, uniq_menkaure
D:5:      grunt_qazlal_clouds, kennysheep_minor_cross, chei_slow_surprise,
          uniq_sigmund
D:6:      nicolae_gozag_seed_capital, kennysheep_mini_moat
D:7:      grunt_dithmenos_shadows, lemuel_doored_altar,
          nemelex_xobeh_ov_fountains_minmay, nicolae_overflow_hidden_temple,
          grunt_livestock, uniq_pikel
D:8:      cheibriados_altar_1, uniq_erica, uniq_erolcha
D:9:      lemuel_coloured_pillars_altar, bloody_makhleb, kennysheep_mini
D:10:     erik_lair_island, serial_bayou_pond_d, uniq_gastronok
D:11:     orc_0_dummy, serial_shops, shop, shop_fountains, shop,
          nicolae_shop_waterfront, shop_statue, uniq_psyche
Temple:   cyrus_temple_forest_13
Lair:1:   serial_bayou_shore_a
Lair:2:   serial_bayou_lagoon_b
Lair:3:   nicolae_spider_entry_orb_guardian, roderic_batcave,
          serial_bayou_shore_b
Lair:4:   lemuel_altar_in_water2, lemuel_fruit_fields
Lair:5:   shoals_dummy_entry, grunt_megastairs_3
Lair:6:   roderic_lost_polar_bear
Lair:8:   minmay_lair_end_enchanted_forest, slime_dummy, grunt_megastairs_4,
          infiniplex_staircase_pool, uniq_kirke

Action                   |  1- 3 |  4- 6 |  7- 9 | 10-12 | 13-15 || total
-------------------------+-------+-------+-------+-------+-------++-------
Melee: War axe           |    99 |   149 |   318 |   644 |       ||  1210
       Hand axe          |       |       |       |   195 |   694 ||   889
Invok: Upheaval          |       |       |       |     3 |     8 ||    11
       Elemental Force   |       |       |       |       |     2 ||     2
 Abil: Evoke Berserk Rag |       |       |     2 |       |       ||     2
       Evoke Invisibilit |       |       |       |     1 |       ||     1
Evoke: Wand              |       |       |       |     8 |     8 ||    16
  Use: Potion            |       |     1 |     1 |     2 |     3 ||     7
       Scroll            |       |     2 |    17 |     9 |     4 ||    32
 Stab: Invisible         |       |       |       |     6 |       ||     6
       Distracted        |       |       |       |       |     1 ||     1
  Eat: Chunk             |     2 |     6 |     9 |    21 |    22 ||    60
       Bread ration      |       |       |     1 |     1 |       ||     2
       Royal jelly       |       |       |       |       |     1 ||     1
